 Dungeon Crawl Stone Soup version 0.19-a0-1759-g6269c0e (webtiles) character file.

22 hoot the Chopper (level 2, -7/25 HPs)
             Began as a Minotaur Gladiator on Oct 22, 2016.
             Killed from afar by Sigmund (11 damage)
             ... with a puff of flame
             ... on level 2 of the Dungeon.
             The game lasted 00:01:31 (689 turns).

hoot the Chopper (Minotaur Gladiator)                Turns: 689, Time: 00:01:31

Health: -7/25      AC:  8    Str: 19    XL:     2   Next: 68%
Magic:  1/1        EV:  8    Int:  5    God:
Gold:   91         SH:  0    Dex: 10    Spells: 0 memorised, 1 level left

rFire  . . .     SeeInvis .     a - +0 war axe
rCold  . . .     Gourm    .     n - +0 chain mail
rNeg   . . .     Faith    .     (no shield)
rPois  .         Spirit   .     c - +0 hat
rElec  .         Dismiss  .     (no cloak)
rCorr  .         Reflect  .     (no gloves)
MR     .....     Harm     .     (no boots)
Stlth  ..........               (no amulet)
                                (no ring)
                                m - ring of flight

@: confused
A: retaliatory headbutt, horns 2
a: Evoke Flight


You were on level 2 of the Dungeon.
You were not hungry.

You visited 1 branch of the dungeon, and saw 2 of its levels.

You collected 91 gold pieces.

Inventory:

Hand Weapons
 a - a +0 war axe (weapon)
Armour
 b - a +0 leather armour
 c - a +0 hat (worn)
 i - a +0 ring mail
 n - a +0 chain mail (worn)
Jewellery
 m - a ring of flight (left hand)
Scrolls
 e - a scroll of remove curse
 f - a scroll of identify
 g - a scroll of blinking {unknown}
 h - a scroll of amnesia {unknown}
 j - a scroll of enchant armour
 l - a scroll of enchant weapon {unknown}


   Skills:
 + Level 2.6 Fighting
 + Level 4.2 Axes
 + Level 2.0 Throwing
 + Level 0.2 Armour
 + Level 3.7 Dodging


You had one spell level left.
You didn't know any spells.

Dungeon Overview and Level Annotations

Branches:
Dungeon (2/15)
   Lair: D:-1         Crypt: Vaults:-1     Tomb: Vaults:-1

Altars:
Fedhas

Annotations:
D:2 exclusion: oklob plant, Sigmund


Innate Abilities, Weirdness & Mutations

You reflexively headbutt those who attack you in melee.
You have a pair of horns on your head.


Message History

You bump into the rock wall.
Something hits you.
You bump into the rock wall.
You feel less confused.
You miss something. Your headbutt misses something.
You hear some strange, mumbled words.
A magic dart appears from out of thin air!
The magic dart hits you! Something hits you but does no damage.
You miss something.
You aren't carrying any potions.
You miss something. Your headbutt misses something. Something hits you.
* * * LOW HITPOINT WARNING * * *
You aren't carrying any potions.
Unknown command.
You miss something.
You hear some strange, mumbled words.
You are confused.
You hear some strange, mumbled words.
A puff of flame appears from out of thin air!
The puff of flame hits you!
You die... #. #.#@####.# #...)<...# .# ###†###### ### ### #.# ... #.. ..# ##.## #### #g# #.# ##...# ############# #{## #.# #..... #P.PPPPP..PP# #.##.##.#####..... ♣PPPPPPPP PP# #@##............#. ♣P#P.PP♣P♣♣.P# #.#####.#####.#...
P##♣.PP♣PPPPP#

#.# #.# ##.... P.......PPPPP#
#.#####.# ##... ..≈≈≈≈≈..PPPP#
#.......# #(## .≈≈≈≈≈≈≈..PP.#
######### #.# ≈≈≈≈≈≈≈≈≈..PP#
#......# #.# ≈≈≈≈≈≈≈≈≈≈.PP#
#.####.# #.#
≈≈≈...≈≈≈≈.#####.####.########.#


You could see a goblin.

Vanquished Creatures
  An adder (D:2)
  3 bats
  A giant cockroach (D:1)
  2 goblins
  A hobgoblin (D:1)
  A kobold (D:1)
  3 rats
12 creatures vanquished.

Notes
Turn   | Place    | Note
-------+----------+-------------------------------------------
     0 | D:1      | hoot the Minotaur Gladiator began the quest for the Orb.
     0 | D:1      | Reached XP level 1. HP: 18/18 MP: 0/0
   164 | D:2      | Noticed Sigmund
   166 | D:2      | Reached skill level 4 in Axes
   166 | D:2      | Reached XP level 2. HP: 18/25 MP: 1/1
   414 | D:2      | Found a blossoming altar of Fedhas.
   431 | D:2      | Noticed an oklob plant
   689 | D:2      | Killed from afar by Sigmund

Vault maps used:
D:1:      lightli_iron_boxes, serial_co_window_serial, co_window_paths_a,
          co_window_cross_1, co_window_paths_a, co_window_paths_b,
          co_window_paths_a, co_window_unsneaky_path_e,
          co_window_of_opportunity_c, co_window_2corner, co_window_4corner_b
D:2:      tgw_fedhas, nicolae_overflow_hidden_temple, uniq_iyjb, uniq_sigmund

Skill      XL: |  1 |
---------------+----+-----
Axes           | 4 |  4.2
Fighting       | |  2.6
Throwing       | |  2.0
Armour         | |  0.2
Dodging        | |  3.7

Action                   || total
-------------------------++-------
Melee: War axe           ||    28
       Headbutt          ||     5
Throw: Throwing net      ||     3
  Use: Scroll            ||     2
       Potion            ||     1
Armor: Leather armour    ||     7
       Ring mail         ||     4
       Chain mail        ||     3
Dodge: Dodged            ||    20
